 Dungeon Crawl Stone Soup version 0.27.0-1-g7a08968 (webtiles) character file.

Game seed: 7610351112979414613

68532 NeededCrab the Archer (level 14, -22/153 HPs)
             Began as a Grey Draconian Transmuter on Oct 11, 2021.
             Was a High Priest of Sif Muna.
             Annihilated by an orc knight (32 damage)
             ... on level 1 of the Orcish Mines on Oct 12, 2021.
             The game lasted 01:45:01 (31518 turns).

NeededCrab the Archer (Grey Draconian Transmuter)  Turns: 31518, Time: 01:45:02

Health: -22/153    AC: 26    Str: 12    XL:     14   Next: 87%
Magic:  21/26      EV: 16    Int: 19    God:    Sif Muna [*****.]
Gold:   2425       SH:  5    Dex: 15    Spells: 2/29 levels left

rFire    . . .     SeeInvis .     - Unarmed
rCold    . . .     Faith    .   (no shield)
rNeg     + . .     Spirit   .   (armour unavailable)
rPois    ∞         Reflect  +   N - +0 hat {Int+3}
rElec    +         Harm     .   g - +0 cloak
rCorr    .         Rampage  .   (gloves currently unavailable)
Will     +....                  (boots currently unavailable)
Stlth    +.........             z - amulet of reflection
HPRegen  0.35/turn              O - +4 ring of evasion
MPRegen  0.20/turn              P - +4 ring of slaying

@: statue-form, wereblooded, studying Poison Magic, very slow
A: slow and powerful, torment resistance 1, boosted hp, AC +13, amphibious,
unfitting armour, cold-blooded
a: End Transformation, Renounce Religion, Channel Magic, Forget Spell, Divine
Exegesis


You were on level 1 of the Orcish Mines.
You worshipped Sif Muna.
Sif Muna was extremely pleased with you.
You were a living statue of rough stone.
You visited 4 branches of the dungeon, and saw 21 of its levels.
You also visited: Sewer.

You collected 2425 gold pieces.

Inventory:

Hand Weapons
 a - the +9 longbow "Boetubb" {speed, Will++ Str-3}
   (You found it on level 9 of the Dungeon)

   Attacks with this weapon are significantly faster.
   Str:       It affects your strength (-3).
   Will:      It greatly increases your willpower.
Missiles
 E - 268 arrows
Armour
 c - a +0 pair of boots (melded)
 g - a +0 cloak (worn)
 j - a +0 pair of gloves (melded)
 C - a scarf of invisibility
 N - a +0 hat of intelligence (worn)
Jewellery
 d - a ring of poison resistance
 p - an amulet of regeneration
 w - a ring of positive energy
 z - an amulet of reflection (around neck)
 G - a +4 ring of evasion
 O - a +4 ring of evasion (left fist)
 P - a +4 ring of slaying (right fist)
 W - a ring of resist corrosion
Wands
 r - a wand of acid (19)
 u - a wand of iceblast (41)
 B - a wand of paralysis (5)
 H - a wand of charming (6)
 I - a wand of polymorph (14)
Scrolls
 b - 5 scrolls of summoning
 h - a scroll of enchant weapon {unknown}
 i - 2 scrolls of torment
 l - a scroll of brand weapon {unknown}
 t - 6 scrolls of enchant armour
 x - a scroll of acquirement
 y - 6 scrolls of teleportation
 A - 2 scrolls of fear {unknown}
 D - 2 scrolls of fog
 S - 2 scrolls of blinking {unknown}
 Z - a scroll of holy word
Potions
 e - 2 potions of resistance
 f - 2 potions of cancellation
 k - 2 potions of haste
 m - 2 potions of magic {unknown}
 n - 7 potions of flight
 o - 4 potions of heal wounds
 q - 3 potions of might
 s - 6 potions of curing
 v - 2 potions of berserk rage {unknown}
 L - 2 potions of mutation {unknown}
 Q - 4 potions of ambrosia
 T - a potion of degeneration {unknown}
 V - a potion of brilliance {unknown}
Miscellaneous
 K - a condenser vane
 X - a phantom mirror


   Skills:
 - Level 9.0 Fighting
 * Level 12.9 Bows
 - Level 1.7 Dodging
 - Level 10.0 Unarmed Combat
 - Level 8.0 Spellcasting
 - Level 3.0 Hexes
 - Level 5.0 Summonings
 - Level 4.0 Translocations
 + Level 10.9 Transmutations
 - Level 5.0 Ice Magic
 + Level 11.4 Earth Magic
 - Level 3.3 Poison Magic


You had 2 spell levels left.
You knew the following spells:

 Your Spells              Type           Power      Damage    Failure   Level
a - Portal Projectile     Hex/Tloc       40%        N/A       6%          3
b - Wereblood             Tmut           49%        N/A       1%          2
c - Spider Form           Tmut/Pois      17%        N/A       1%          3
d - Ice Form              Ice/Tmut       37%        N/A       3%          4
e - Statue Form           Tmut/Erth      32%        N/A       14%         6
f - Call Canine Familiar  Summ           26%        N/A       3%          3
z - Summon Ice Beast      Ice/Summ       26%        N/A       12%         4
B - Blink                 Tloc           N/A        N/A       2%          2

Your spell library contained the following spells:

 Spells                   Type           Power      Damage    Failure   Level
 Beastly Appendage        Tmut           98%        N/A       1%          1
 Sandblast                Erth           100%       2d20      1%          1
 Summon Small Mammal      Summ           100%       N/A       1%          1
 Call Imp                 Summ           26%        N/A       1%          2
 Passwall                 Tmut/Erth      40%        N/A       1%          2
 Foxfire                  Conj/Fire      28%        2x1d5     9%          1
 Magic Dart               Conj           28%        1d4       9%          1
 Shock                    Conj/Air       28%        1d4       9%          1
 Searing Ray              Conj           14%        3d3       14%         2
 Lee's Rapid Deconstruct  Erth           25%        3d15*     2%          5
 Ignite Poison            Fire/Tmut/Pois 25%        N/A       3%          3
 Ozocubu's Armour         Ice            26%        N/A       3%          3
 Lesser Beckoning         Tloc           11%        N/A       5%          3
 Summon Guardian Golem    Hex/Summ       22%        N/A       5%          3
 Inner Flame              Hex/Fire       13%        N/A       14%         3
 Yara's Violent Unravell  Hex/Tmut       17%        3d8       14%         5
 Mephitic Cloud           Conj/Pois/Air  11%        N/A       17%         3
 Passage of Golubria      Tloc           N/A        N/A       17%         4
 Conjure Flame            Conj/Fire      7%         6-21      26%         3
 Swiftness                Air            7%         N/A       26%         3
 Hailstorm                Conj/Ice       17%        3d6       32%         4
 Fulminant Prism          Conj/Hex       6%         3d7       43%         4
 Manifold Assault         Tloc           22%        N/A       43%         5
 Metabolic Englaciation   Hex/Ice        11%        N/A       43%         5
 Airstrike                Air            3%         N/A       65%         4
 Sticky Flame             Conj/Fire      7%         2d3       65%         4
 Freezing Cloud           Conj/Ice/Air   6%         6-21      78%         5
 Invisibility             Hex            9%         N/A       99%         6
 Simulacrum               Ice/Necr       8%         N/A       99%         6
 Malign Gateway           Summ/Tloc      12%        N/A       100%        7
 Ozocubu's Refrigeration  Ice            13%        4d7       100%        7
 Borgnjor's Revivificati  Necr           3%         N/A       100%        8
 Disjunction              Tloc           11%        N/A       100%        8
 Necromutation            Tmut/Necr      14%        N/A       100%        8
 Death's Door             Necr           3%         N/A       100%        9


Dungeon Overview and Level Annotations

Branches:
Dungeon (12/15)            Temple (1/1) D:4            Lair (6/6) D:10
  Swamp (0/4) Lair:3       Spider (0/4) Lair:2        Slime (0/5) Lair:5
    Orc (2/2) D:12            Elf (0/3) Orc:2         Sewer (visited)

Altars:
Ashenzari
Cheibriados
Dithmenos
Elyvilon
Fedhas
Gozag
Hepliaklqana
Kikubaaqudgha
Makhleb
Nemelex Xobeh
Okawaru
Qazlal
Ru
Sif Muna
Trog
Uskayaw
Vehumet
Wu Jian
Xom
Yredelemnul
Zin
The Shining One

Shops:
D:12 *   Orc:2 *

Annotations:
Lair:4 3 runed translucent doors, Fifowuza's ghost, journeyman DrTm; Hiywul's ghost, journeyman MiHu; Xyudeake's ghost, journeyman DEFE


Innate Abilities, Weirdness & Mutations

You are a living statue of rough stone.
Your actions are slow, but your melee attacks are powerful.
You are resistant to unholy torment.
Your maximum health is greatly increased.
You are immune to poison.
Your equipment is partially melded.
((Your dull iron-grey scales are very hard. (AC +13)))
You are amphibious.
You cannot fit into any form of body armour.
You are cold-blooded and may be slowed by cold attacks.


Message History

You hear a howl!
You hear a shout!
The orc knight hits you with a +0 battleaxe!
The orc warrior closely misses you.
The orc knight roars a battlecry!
The orcs go into a battle-frenzy!
You block the orc knight's attack.
The orc wizard casts a spell.
The orc wizard flickers and vanishes!
Deactivating autopickup; reactivate with Ctrl-A.
The orc priest looks encouraged for a moment.
The orc knight misses you. The orc warrior barely misses you.
You hear a shout!
You climb upwards.
Reactivating autopickup.
There is a stone staircase leading down here.
Press: ? - help, v - describe, . - travel
Here: an orc warrior, wielding a +0 battleaxe and wearing a +0 chain mail (strong)
The floor.
Unknown command.
You punch the orc knight!
The orc knight is lightly wounded.
The orc knight hits you with a +2 battleaxe!
The orc knight hits you with a +0 great sword!!
The orc knight barely misses you. The orc warrior closely misses you.
The orc knight completely misses you.
The orc knight hits you with a +0 great sword.
Unknown command.
The orc warrior hits you with a +0 battleaxe.
The orc knight hits you but does no damage.
There is a staircase back to the Dungeon here.
You block the orc knight's attack.
The orc warrior hits you with a +0 battleaxe!
The orc knight barely misses you. You block the orc knight's attack.
The orc knight hits you with a +0 battleaxe!
* * * LOW HITPOINT WARNING * * *
The orc warrior barely misses you.
The orc knight hits you with a +2 battleaxe!!
* * * LOW HITPOINT WARNING * * *
The orc knight hits you with a +0 great sword!!
You die...

##....## ##.#..#.......
###...######## #.............
##..[.#..##.#######....#.....#.
#............#.#.###.........[.
##................#.........)..
#...............#........)[...
##.##..........#........[.[...
##.........oo........))[[....
#.....#....o8....#....)....#.
##.#.###...o.##.####.#()#####
##### ########## ###### #


You could see 3 orc knights and an orc warrior (strong).

Vanquished Creatures
  Rupert (Lair:6)
  Kirke (D:12)
  An ettin (Orc:2)
  12 hydras
  Erolcha (D:11)
  A catoblepas (Lair:6)
  2 boulder beetles
  An ogre mage (D:11)
  A merfolk avatar (Lair:6)
  An alligator (Lair:6)
  4 two-headed ogres
  A centaur warrior (D:11)
  Urug (Lair:4)
  2 sea snakes
  A skeletal warrior (D:10)
  A sixfirhy (D:12)
  A harpy (Lair:6)
  An orc knight (Orc:2)
  A wolf spider (Lair:6)
  2 bog bodies (Lair:3)
  A cyclops (D:11)
  An orb spider (Lair:2)
  A manticore (Lair:6)
  2 orc sorcerers (Orc:2)
  An ugly thing (D:11)
  4 black mambas
  17 elephants
  A guardian serpent (shapeshifter) (D:11)
  9 cane toads
  A gargoyle (D:9)
  2 unseen horrors
  9 komodo dragons
  4 rime drakes
  5 polar bears
  4 trolls
  The ghost of 1n5z the Slasher, an amateur MiGl (D:5)
  A wind drake (Lair:6)
  A hornet (Lair:6)
  2 slime creatures (Lair:5)
  7 dream sheep (Lair:4)
  13 blink frogs
  A shadow (D:6)
  Eustachio (D:4)
  9 basilisks
  2 wyverns
  5 steam dragons
  3 wraiths
  25 yaks
  2 hogs (D:12)
  A warg (Orc:2)
  2 acid dragons
  12 orc warriors
  11 water moccasins
  A sky beast (D:4)
  A necrophage (D:6)
  2 ogres
  5 centaurs
  A black bear (D:5)
  18 wolves
  A phantom (D:4)
  3 kobold brigands
  Blork the orc (D:5)
  16 bullfrogs
  2 gnoll sergeants
  5 scorpions
  A wyvern skeleton (D:6)
  A water moccasin zombie (D:5)
  8 killer bees
  A water moccasin skeleton (D:6)
  A nameless horror (D:9)
  4 howler monkeys
  2 bullfrog zombies
  5 jellies
  8 centaur zombies
  3 hounds
  A gnoll shaman (D:3)
  13 orc priests
  Crazy Yiuf (D:5)
  A bullfrog skeleton (D:7)
  2 centaur skeletons
  Terence (D:2)
  13 orc wizards
  A killer bee zombie (D:5)
  A hound zombie (D:5)
  2 hound skeletons
  14 gnolls
  A river rat (Sewer)
  3 adders
  A shadow imp (D:5)
  4 white imps
  An adder skeleton (D:4)
  2 worms (D:2)
  3 dart slugs
  59 orcs
  8 ball pythons
  6 endoplasms
  4 giant cockroaches
  6 goblins
  2 hobgoblins (D:1)
  6 jackals
  4 quokkas (D:6)
  5 bats
  4 frilled lizards
  23 kobolds
  4 rats
484 creatures vanquished.

Vanquished Creatures (collateral kills)
  5 hydras
  A sea snake (Lair:6)
  A harpy (Lair:6)
  A black mamba (Lair:6)
  A cane toad (Lair:6)
  A rime drake (Lair:6)
  A komodo dragon (Lair:6)
  A warg (Orc:1)
  A black bear (D:10)
  A scorpion (D:10)
  An orc priest (Orc:1)
  3 orc wizards (Orc:1)
  2 orcs (Orc:1)
20 creatures vanquished.

Vanquished Creatures (others)
  Nessos (Lair:6)
  A bush (Lair:5)
  34 fungi
  67 plants
  2 withered plants (Lair:4)
105 creatures vanquished.

Grand Total: 609 creatures vanquished

Notes
Turn   | Place    | Note
-------+----------+-------------------------------------------
     0 | D:1      | NeededCrab the Draconian Transmuter began the quest for the
                  | Orb.
     0 | D:1      | Reached XP level 1. HP: 16/16 MP: 3/3
   207 | D:1      | Reached XP level 2. HP: 23/23 MP: 3/5
   230 | D:1      | Learned a level 2 spell: Wereblood
   234 | D:1      | Found a faded altar of an unknown god.
  1405 | D:2      | Reached XP level 3. HP: 22/29 MP: 2/6
  1813 | D:2      | Noticed Terence
  1824 | D:2      | Killed Terence
  1825 | D:2      | Reached skill level 1 in Poison Magic
  1825 | D:2      | Reached XP level 4. HP: 8/36 MP: 7/7
  1838 | D:2      | Learned a level 3 spell: Spider Form
  2778 | D:3      | Reached XP level 5. HP: 10/41 MP: 4/9
  3244 | D:3      | Found a bloodstained altar of Trog.
  3762 | D:4      | Noticed a yak
  3762 | D:4      | Noticed a yak
  3770 | D:4      | Noticed Eustachio
  3919 | D:4      | Killed Eustachio
  3920 | D:4      | Reached XP level 6. HP: 37/50 MP: 7/10
  4000 | D:3      | Learned a level 4 spell: Ice Form
  4013 | D:4      | Found a staircase to the Ecumenical Temple.
  4198 | Temple   | Entered the Ecumenical Temple
  4405 | Temple   | Became a worshipper of Sif Muna the Loreminder
  4425 | D:4      | Noticed an orc warrior
  4709 | D:4      | Noticed a yak
  4738 | D:4      | Killed a yak
  4739 | D:4      | Your scales start taking on a dull iron-grey colour.
  4739 | D:4      | Reached XP level 7. HP: 13/57 MP: 9/11
  5278 | D:4      | Found an iron altar of Okawaru.
  5320 | D:4      | Reached skill level 1 in Ice Magic
  5429 | D:4      | Found a shadowy altar of Dithmenos.
  5463 | D:4      | Learned a level 2 spell: Blink
  5801 | D:3      | Killed a yak
  5802 | D:3      | Reached skill level 5 in Transmutations
  6027 | D:4      | Killed a yak
  6028 | D:4      | Reached skill level 5 in Unarmed Combat
  6028 | D:4      | Reached skill level 1 in Translocations
  6028 | D:4      | Reached XP level 8. HP: 44/66 MP: 10/13
  6659 | D:5      | Entered Level 5 of the Dungeon
  6686 | D:5      | Found a transporter.
  6686 | D:5      | Noticed 1n5z's ghost (amateur MiGl)
  6733 | D:5      | Reached * piety under Sif Muna
  6973 | D:5      | Found a transporter.
  7499 | D:5      | Found a shimmering altar of Xom.
  7598 | D:5      | Noticed Blork the orc
  7613 | D:5      | Killed Blork the orc
  7801 | D:5      | Found a runed translucent door.
  7802 | D:5      | Noticed Crazy Yiuf
  8054 | D:6      | Found a glowing drain.
  8113 | D:5      | Reached skill level 5 in Fighting
  8383 | Sewer    | Entered a sewer
  8493 | Sewer    | Found a glowing silver altar of Zin.
  8655 | D:6      | Reached XP level 9. HP: 74/74 MP: 12/16
  8676 | D:6      | Found an ancient bone altar of Kikubaaqudgha.
  8737 | D:6      | Reached ** piety under Sif Muna
  8833 | D:6      | Learned a level 2 spell: Call Imp
  8902 | D:6      | Reached skill level 5 in Spellcasting
  9347 | D:6      | Found a white marble altar of Elyvilon.
  9463 | D:7      | Reached skill level 1 in Summonings
  9665 | D:7      | Found a blossoming altar of Fedhas.
 10279 | D:7      | Found a burning altar of Makhleb.
 10793 | D:8      | Found a sacrificial altar of Ru.
 11225 | D:9      | Reached XP level 10. HP: 84/84 MP: 18/18
 11227 | D:9      | Noticed a two-headed ogre
 11244 | D:9      | HP: 4/84 [two-headed ogre (19)]
 11246 | D:9      | Killed a two-headed ogre
 11315 | D:9      | Noticed a gargoyle
 11449 | D:9      | Found a sparkling altar of Nemelex Xobeh.
 11478 | D:9      | Noticed a two-headed ogre
 11502 | D:9      | Killed a two-headed ogre
 11672 | D:9      | Killed a gargoyle
 11738 | D:9      | Found a hazy altar of Hepliaklqana.
 11742 | D:9      | Found an ornate altar of the Wu Jian Council.
 11766 | D:9      | Identified the +9 longbow "Boetubb" {speed, Will++ Str-3}
 12067 | D:5      | Killed Crazy Yiuf
 12388 | D:5      | Killed 1n5z's ghost
 12629 | D:9      | Reached *** piety under Sif Muna
 12630 | D:9      | Reached skill level 1 in Bows
 13004 | D:10     | Entered Level 10 of the Dungeon
 13372 | D:10     | Found a glowing golden altar of the Shining One.
 13407 | D:10     | Reached skill level 2 in Bows
 13807 | D:10     | Reached XP level 11. HP: 93/93 MP: 21/21
 13860 | D:10     | Noticed a two-headed ogre
 14269 | D:9      | Killed a two-headed ogre
 14270 | D:9      | Reached skill level 3 in Bows
 14408 | D:9      | Learned a level 3 spell: Call Canine Familiar
 14956 | D:10     | Found a staircase to the Lair.
 15260 | D:11     | Noticed Erolcha
 15275 | D:11     | Killed Erolcha
 15368 | D:11     | Noticed a two-headed ogre
 15383 | D:11     | Killed a two-headed ogre
 15384 | D:11     | Reached skill level 4 in Bows
 15542 | D:11     | Noticed a green ugly thing
 15561 | D:11     | Killed a green ugly thing
 15896 | D:11     | Noticed an ogre mage
 15916 | D:11     | Killed an ogre mage
 16014 | D:11     | Noticed a centaur warrior
 16014 | D:11     | Noticed a skeletal warrior
 16358 | Lair:1   | Entered Level 1 of the Lair of Beasts
 16366 | Lair:1   | Identified a scroll of acquirement
 16367 | Lair:1   | Acquired Waleoj's Collected Works on the Oath
 16373 | Lair:1   | Learned a level 3 spell: Portal Projectile
 16520 | Lair:1   | Reached skill level 10 in Unarmed Combat
 16626 | Lair:1   | Noticed a seven-headed hydra
 16639 | Lair:1   | Killed a seven-headed hydra
 16640 | Lair:1   | Reached skill level 5 in Bows
 16640 | Lair:1   | Reached skill level 1 in Hexes
 16761 | Lair:1   | Noticed a four-headed hydra
 16766 | Lair:1   | Killed a four-headed hydra
 17124 | Lair:1   | Acquired 1218 gold pieces
 17126 | Lair:1   | Acquired NeededCrab's Disquisition on Frigorific Clay
 17128 | Lair:1   | Acquired a +0 hat of intelligence
 17456 | Lair:1   | Learned a level 4 spell: Summon Ice Beast
 17519 | Lair:2   | Found an iron altar of Okawaru.
 17625 | Lair:2   | Found a hole to the Spider Nest.
 17625 | Lair:2   | Noticed an orb spider
 17632 | Lair:2   | Killed an orb spider
 17633 | Lair:2   | Reached skill level 6 in Bows
 17633 | Lair:2   | Reached XP level 12. HP: 103/103 MP: 12/23
 18360 | Lair:2   | Noticed a four-headed hydra
 18371 | Lair:2   | Killed a four-headed hydra
 18891 | Lair:3   | Found a staircase to the Swamp.
 18903 | Lair:3   | Reached skill level 7 in Bows
 19039 | Lair:2   | Reached skill level 5 in Ice Magic
 19321 | Lair:3   | Reached **** piety under Sif Muna
 19570 | Lair:3   | Reached skill level 8 in Bows
 20330 | Lair:3   | Reached skill level 5 in Summonings
 20341 | Lair:3   | Reached skill level 9 in Bows
 20945 | Lair:4   | Noticed a five-headed hydra
 20964 | Lair:3   | Killed a five-headed hydra
 20965 | Lair:3   | Reached skill level 1 in Earth Magic
 21186 | Lair:4   | Noticed a boulder beetle
 21680 | Lair:4   | Noticed Urug
 21696 | Lair:4   | Killed Urug
 21865 | Lair:4   | Reached XP level 13. HP: 111/111 MP: 20/25
 22528 | Lair:3   | Learned a level 6 spell: Statue Form
 22573 | Lair:4   | Found a runed translucent gate.
 22573 | Lair:4   | Found a runed translucent gate.
 22573 | Lair:4   | Found a runed translucent gate.
 22573 | Lair:4   | Noticed Fifowuza's ghost (journeyman DrTm)
 22575 | Lair:4   | Noticed Hiywul's ghost (journeyman MiHu)
 22575 | Lair:4   | Noticed Fifowuza's ghost (journeyman DrTm)
 22575 | Lair:4   | Noticed Xyudeake's ghost (journeyman DEFE)
 22878 | Lair:4   | Reached skill level 10 in Bows
 23361 | Lair:5   | Reached skill level 5 in Earth Magic
 23838 | Lair:5   | Found a staircase to the Slime Pits.
 24935 | Lair:6   | Entered Level 6 of the Lair of Beasts
 25307 | Lair:6   | Reached skill level 11 in Bows
 25638 | Lair:6   | Reached ***** piety under Sif Muna
 26007 | Lair:5   | Reached XP level 14. HP: 83/118 MP: 21/26
 26438 | Lair:6   | Received a gift from Sif Muna
 26441 | Lair:6   | Got Sif Muna's Handbook of Changing and the Traveller {god
                  | gift}
 26753 | Lair:6   | Reached skill level 10 in Transmutations
 27282 | Lair:6   | Noticed Nessos
 27290 | Lair:6   | Killed Nessos
 27337 | Lair:6   | Noticed Rupert
 27605 | Lair:6   | Reached skill level 12 in Bows
 27605 | Lair:6   | Reached skill level 10 in Earth Magic
 27848 | Lair:6   | Killed Rupert
 29482 | D:12     | Found a runed translucent door.
 29632 | D:12     | Found Wonuown's Elemental Accessories.
 30147 | D:12     | Found a staircase to the Orcish Mines.
 30302 | D:12     | Noticed Kirke
 30311 | D:12     | Noticed a sphinx
 30318 | D:12     | Killed Kirke
 30581 | Orc:1    | Entered Level 1 of the Orcish Mines
 30923 | Orc:2    | Entered Level 2 of the Orcish Mines
 31034 | Orc:2    | Found a staircase to the Elven Halls.
 31087 | Orc:2    | Found Niust's General Store.
 31518 | Orc:1    | Annihilated by an orc knight

Illustrated notes

Levels and vault maps discovered:
D:1:      dpeg_arrival_boxes_within_box, layout_basic,
          ebering_ecumenical_altar_sacrificial
D:2:      layout_basic, uniq_terence
D:3:      layout_loops_ring, trog_three_pillars_becter
D:4:      layout_basic, nicolae_dithmenos_the_darkroom,
          nicolae_overflow_hidden_temple, minmay_temple_entry_drinking_statues,
          minmay_surrounded, uniq_eustachio
D:5:      layout_basic, mainiacjoe_overflow_alcove_2, gammafunk_ghost_mausoleum,
          amcnicky_mini_rare_corridor_liquid, uniq_crazy_yiuf_cottage,
          uniq_blork_the_orc
D:6:      layout_rooms, nicolae_elyvilon_peaceful_grove,
          mainiacjoe_overflow_alcove_1, portal_sewer_entry_f,
          kennysheep_generic_room_12
D:7:      layout_basic, kennysheep_little_box, fedhas_altar_2, corner_web_ring,
          minmay_manual_monstrance
D:8:      layout_loops_ring, nicolae_ru_sacrificial_ziggurat, serial_rivers,
          chequers_serial_rivers_micro_c, chequers_serial_rivers_small_b,
          chequers_serial_rivers_large_b, chequers_serial_rivers_marsh
D:9:      layout_loops_ring, gammafunk_temple_overflow_statue,
          nemelex_xobeh_ov_fountains_minmay
D:10:     layout_long_grid, nicolae_tso_carved_into_rock,
          grunt_lair_entry_orc_guard_hut, lemuel_flame_loot_1
D:11:     minmay_tri_box, layout_cave_pools, uniq_erolcha
D:12:     cheibrodos_shockbox, layout_gridville, hiddenorc2_lemuel,
          nicolae_elemental_shop, dk_vineyard_2, uniq_kirke
Temple:   compressed_dpeg_triangle_lava_temple
Lair:1:   layout_hall_layers
Lair:2:   layout_small_grid, nicolae_spider_entry_orb_guardian, basic_altar
Lair:3:   layout_regular_city, skrybe_swamp_entry_bodies,
          chequers_serial_rivers_micro_e, grunt_megastairs_5
Lair:4:   layout_roguey, gammafunk_ghost_cemetery, lemuel_fruit_tree, uniq_urug
Lair:5:   layout_long_grid, minmay_slime_entry_pillars, minmay_hedge_maze
Lair:6:   gammafunk_lair_ancient_temple, layout_hall_layers,
          hangedman_lair_generics_rect, uniq_nessos, uniq_rupert
Orc:1:    layout_caves
Orc:2:    grunt_orc_cross, layout_diamond_mine, serial_shops, shop,
          gauntlet_entry_generic

Skill      XL: |  1  2  3  4  5  6  7  8  9 10 11 12 13 14 |
---------------+-------------------------------------------+-----
Fighting       | 2 3 5 6 7 8 9 |  9.0
Transmutations | 3 4 5 6 7 8 9 10 | 10.9
Poison Magic   | 1 2 3 |  3.3
Unarmed Combat | 4 5 6 8 9 10 | 10.0
Spellcasting   | 3 4 5 6 7 8 |  8.0
Ice Magic      | 1 2 3 4 5 |  5.0
Translocations | 1 2 3 4 |  4.0
Summonings     | 2 5 |  5.0
Bows           | 2 6 9 11 12 | 12.9
Hexes          | 2 3 |  3.0
Earth Magic    | 2 8 11 | 11.4
Dodging        | |  1.7

Action                   |  1- 3 |  4- 6 |  7- 9 | 10-12 | 13-15 || total
-------------------------+-------+-------+-------+-------+-------++-------
Melee: Unarmed           |    78 |    87 |   472 |   344 |   321 ||  1302
       Tailslap          |    12 |     3 |    49 |     1 |    14 ||    79
       Kick              |    11 |    10 |    93 |     4 |       ||   118
       Headbutt          |    12 |     5 |    77 |     2 |       ||    96
       Punch             |     1 |     1 |    11 |       |     5 ||    18
 Fire: Longbow           |       |       |       |   188 |   360 ||   548
 Cast: Beastly Appendage |    22 |    14 |    48 |     5 |       ||    89
       Wereblood         |     1 |     1 |    11 |    18 |    16 ||    47
       Spider Form       |       |     6 |     6 |    15 |     2 ||    29
       Ice Form          |       |       |     1 |    25 |    20 ||    46
       Blink             |       |       |     1 |     3 |     2 ||     6
       Call Imp          |       |       |     4 |    30 |       ||    34
       Call Canine Famil |       |       |       |     7 |     2 ||     9
       Portal Projectile |       |       |       |    13 |    31 ||    44
       Summon Ice Beast  |       |       |       |    19 |    47 ||    66
       Statue Form       |       |       |       |       |    14 ||    14
Invok: Channel Magic     |       |       |       |     1 |     1 ||     2
 Abil: End Transformatio |       |       |       |     2 |     6 ||     8
  Use: Potion            |       |     1 |     1 |     1 |     3 ||     6
       Scroll            |       |       |    11 |     8 |     8 ||    27
 Stab: Distracted        |       |       |       |     3 |     1 ||     4
Armor: Skin              |    14 |    11 |   227 |   158 |   231 ||   641
Dodge: Dodged            |    39 |    58 |   290 |   322 |   421 ||  1130
Block: Other             |       |       |       |    90 |   129 ||   219
       Reflection        |       |       |       |     2 |     7 ||     9
